 Dungeon Crawl Stone Soup version 0.30-a0-219-gf2db51d15e (webtiles) character file.

Game seed: 7234901152409952123

365 Flugkiller the Vexing (level 6, 0/46 HPs)
             Began as a Mummy Hexslinger on Oct 7, 2022.
             Slain by a black bear (2 damage)
             ... on level 5 of the Dungeon.
             The game lasted 00:03:58 (2524 turns).

Flugkiller the Vexing (Mummy Hexslinger)            Turns: 2524, Time: 00:03:59

Health: 0/46       AC:  8    Str: 13    XL:     6   Next: 40%
Magic:  9/11       EV: 12    Int: 13    God:
Gold:   129        SH:  0    Dex: 14    Spells: 10/11 levels left

rFire   x . .      SeeInvis .    a - +2 sling
rCold   + . .      Faith    +    (no shield)
rNeg    + + +      Spirit   .    c - +0 robe
rPois   ∞          Reflect  .    (no helmet)
rElec   .          Harm     .    (no cloak)
rCorr   .          Rampage  .    d - +2 pair of gloves
Will    .....                    e - +2 pair of boots
Stlth   +.........               (no amulet)
HPRegen 0.27/turn                (no ring)
MPRegen 0.12/turn                (no ring)

@: no status effects
A: cold resistance 1, negative energy resistance 3, torment resistance 2, heat
vulnerability 1, in touch with death 1, no potions, faith
a: no special abilities


You were on level 5 of the Dungeon.
You visited 1 branch of the dungeon, and saw 6 of its levels.

You collected 129 gold pieces.

Inventory:

Hand Weapons
 a - a +2 sling (weapon)
Armour
 c - a +0 robe (worn)
 d - a +2 pair of gloves (worn)
   (You found it on level 1 of the Dungeon)
 e - a +2 pair of boots (worn)
   (You found it on level 1 of the Dungeon)
Scrolls
 b - 4 scrolls of poison
 f - a scroll of silence {unknown}
 g - a scroll of immolation
 h - a scroll of fear {unknown}
 i - a scroll of fog
 k - a scroll of enchant weapon
 l - a scroll of amnesia
 t - a scroll of teleportation


   Skills:
 + Level 2.7 Fighting
 * Level 3.5 Ranged Weapons
 - Level 1.5 Dodging
 + Level 3.3 Spellcasting
 * Level 4.3 Hexes


You had 10 spell levels left.
You knew the following spells:

 Your Spells              Type           Power      Damage    Failure   Level
a - Slow                  Hex            52%        N/A       3%          1

Your spell library contained the following spells:

 Spells                   Type           Power      Damage    Failure   Level
 Inner Flame              Hex/Fire       7%         N/A       26%         3
 Portal Projectile        Hex/Tloc       14%        N/A       26%         3
 Cigotuvi's Dreadful Rot  Necr/Pois/Air  6%         N/A       32%         2
 Poisonous Vapours        Pois/Air       4%         N/A       32%         2
 Cause Fear               Hex            6%         N/A       36%         4
 Mephitic Cloud           Conj/Pois/Air  2%         N/A       54%         3


Dungeon Overview and Level Annotations

Branches:
Dungeon (6/15) Zot: 26911
 Temple: D:4-7

Altars:


Innate Abilities, Weirdness & Mutations

You are immune to poison.
Your flesh is cold resistant. (rC+)
You are immune to negative energy. (rN+++)
You are immune to unholy pain and torment.
You are vulnerable to heat. (rF-)
You are in touch with the powers of death.
You do not drink.
You have a special connection with the divine. (Faith)


Message History

The hound is almost dead.
The hound bites you. The hound closely misses you.
You shoot a sling bullet.
The sling bullet closely misses the hound.
The hound bites you but does no damage.
You shoot a sling bullet.
The sling bullet closely misses the hound.
The hound is no longer moving slowly.
The hound bites you but does no damage.
You shoot a sling bullet. The sling bullet hits the hound.
You kill the hound!
No target in view!
No target in view!
No target in view!
No target in view!
No target in view!
HP restored.
Found a ring mail.
You see here a +0 ring mail.
A black bear comes into view.
A black bear is nearby!
You shoot a sling bullet.
The sling bullet completely misses the black bear.
The black bear growls angrily.
You shoot a sling bullet.
The sling bullet closely misses the black bear.
Casting: Slow (safe; 3% risk of failure)
Confirm with . or Enter, or press ? or * to list all spells.
Aiming: Slow (safe; 3% risk of failure)
Press: ? - help, Shift-Dir - straight line, f/p - black bear
Aim: a black bear (chance to affect: 51%)
The black bear seems to slow down.
You shoot a sling bullet. The sling bullet hits the black bear.
The black bear is moderately wounded.
The black bear closely misses you. The black bear misses you.
The black bear barely misses you.
You shoot a sling bullet.
The sling bullet barely misses the black bear.
You shoot a sling bullet.
The sling bullet closely misses the black bear.
The black bear bites you but does no damage.
The black bear claws you but does no damage.
The black bear barely misses you.
You shoot a sling bullet.
The sling bullet barely misses the black bear.
The black bear bites you. The black bear claws you.
The black bear completely misses you.
You shoot a sling bullet. The sling bullet hits the black bear.
The black bear is heavily wounded.
You shoot a sling bullet. The sling bullet hits the black bear.
The black bear is severely wounded.
The black bear bites you!
The black bear claws you but does no damage.
The black bear barely misses you.
You shoot a sling bullet. The sling bullet hits the black bear.
The black bear is severely wounded.
The black bear shakes off its lethargy.
The black bear goes berserk!
You shoot a sling bullet. The sling bullet hits the black bear.
The black bear is severely wounded.
The black bear barely misses you. The black bear completely misses you.
The black bear claws you. The black bear bites you.
The black bear claws you. x2
You are too injured to fight recklessly!
You are too injured to fight recklessly!
You are too injured to fight recklessly!
You are too injured to fight recklessly!
You are too injured to fight recklessly!
You are too injured to fight recklessly!
You are too injured to fight recklessly!
Casting: Slow (safe; 3% risk of failure)
Confirm with . or Enter, or press ? or * to list all spells.
Aiming: Slow (safe; 3% risk of failure)
Press: ? - help, Shift-Dir - straight line, f/p - black bear
Aim: a black bear (severely wounded, berserk, chance to affect: 51%)
The black bear resists with significant effort.
The black bear bites you.
The black bear claws you but does no damage. x2
You are too injured to fight recklessly!
Fire: a) +2 sling
Press: ? - help, Q - select action, (/) - cycle Shift-Dir - straight line, f/p - black bear
Aim: a black bear (severely wounded, berserk, 68% to hit)
You shoot a sling bullet.
The sling bullet hits the black bear but does no damage.
The black bear is severely wounded.
The black bear barely misses you. x2; The black bear completely misses you.
The black bear closely misses you.
The black bear claws you but does no damage.
The black bear closely misses you.
Casting: Slow (safe; 3% risk of failure)
Confirm with . or Enter, or press ? or * to list all spells.
Aiming: Slow (safe; 3% risk of failure)
Press: ? - help, Shift-Dir - straight line, f/p - black bear
Aim: a black bear (severely wounded, berserk, chance to affect: 51%)
The black bear seems to slow down.
The black bear bites you!
* * * LOW HITPOINT WARNING * * *
The black bear claws you.
* * * LOW HITPOINT WARNING * * *
The black bear claws you.
* * * LOW HITPOINT WARNING * * *
The black bear attacks as you move away!
The black bear closely misses you. x2; The black bear claws you.
You die...

#..#.#.#.#....##.###
#......#.#....##.#
#....###.#....##.#
#......#.#....##.#
#........#....##.#
#..##.####....##.#
#..##.####....##.#
.......[.........#
################@#
#.h.# #.#.# #.#.#
#.#.# #.#.# #.#.#
..#.# ## .#


You could see a black bear (berserk, slow).

Vanquished Creatures
  A bullfrog (D:4)
  A scorpion (D:4)
  A hound (D:5)
  An orc wizard (D:3)
  3 gnolls
  6 adders
  A worm (D:3)
  2 dart slugs
  8 orcs
  3 bats
  8 endoplasms
  3 giant cockroaches
  7 goblins
  8 hobgoblins
  4 jackals (D:2)
  4 quokkas
  8 ball pythons
  2 frilled lizards
  8 kobolds
  7 rats
86 creatures vanquished.

Notes
Turn   | Place    | Note
-------+----------+-------------------------------------------
     0 | D:1      | Flugkiller the Mummy Hexslinger began the quest for the
                  | Orb.
     0 | D:1      | Reached XP level 1. HP: 15/15 MP: 2/2
   154 | D:1      | Reached XP level 2. HP: 21/21 MP: 4/4
   325 | D:1      | Reached skill level 3 in Hexes
   545 | D:1      | Gained mutation: You are in touch with the powers of death.
                  | [Mummy growth]
   545 | D:1      | Reached XP level 3. HP: 26/26 MP: 5/5
   813 | D:2      | Reached XP level 4. HP: 32/33 MP: 7/7
  1790 | D:3      | Reached XP level 5. HP: 38/38 MP: 8/8
  2249 | D:4      | Reached skill level 4 in Hexes
  2249 | D:4      | Reached XP level 6. HP: 32/46 MP: 10/10
  2438 | D:4      | You fall into a shaft and drop 2 floors!
  2441 | D:5      | Entered Level 5 of the Dungeon
  2522 | D:5      | HP: 2/46 [black bear (3)]
  2524 | D:5      | Slain by a black bear

Illustrated notes

Levels and vault maps discovered:
D:1:      dpeg_arrival_connections, layout_basic, st_stairs_6,
          minmay_misc_feat_hallway
D:2:      layout_loops_ring, minivault_19
D:3:      layout_rooms, st_stairs_4
D:4:      layout_basic, okawaru_gym_becter, mainiacjoe_overflow_tiny_flanked,
          minivault_5
D:5:      minmay_evil_eye, layout_basic, mainiacjoe_overflow_paths
D:6:      layout_basic, nicolae_overflow_crystal_walls, temple_fountains,
          gammafunk_ghost_cemetery, uniq_pikel, uniq_blork_the_orc, uniq_grinder

Skill      XL: |  1  2  3  4  5 |
---------------+----------------+-----
Ranged Weapons | 2 3 |  3.5
Hexes          | 3 4 |  4.3
Spellcasting   | 2 3 |  3.3
Fighting       | 2 |  2.7
Dodging        | |  1.5

Action                   |  1- 3 |  4- 6 || total
-------------------------+-------+-------++-------
 Fire: Sling             |    99 |   233 ||   332
 Cast: Slow              |       |    34 ||    34
  Use: Scroll            |     4 |     4 ||     8
Armor: Robe              |    29 |    76 ||   105
Dodge: Dodged            |    49 |   115 ||   164

Table legend: (Time is in decaauts)
 A = Elapsed time spent in this place.
 B = Non-inter-level travel time spent in this place.
 C = Inter-level travel time spent in this place.
 D = Time resting spent in this place.
 E = Time spent auto-exploring this place.
 F = Levels seen in this place.
 G = Mean time per level.
                   A        B        C        D        E       F      G
               +--------+--------+--------+--------+--------+-----+--------+
         Total |   2614 |   2385 |    229 |    375 |   1269 |   6 |  435.7 |
       Dungeon |   2614 |   2385 |    229 |    375 |   1269 |   6 |  435.7 |
               +--------+--------+--------+--------+--------+-----+--------+

Top non-repeatable levels by time:
     D:2: 918 daAuts
     D:3: 726 daAuts
     D:1: 646 daAuts
     D:4: 231 daAuts
     D:5: 88 daAuts
     D:6: 2 daAuts
